 Dungeon Crawl Stone Soup version 0.29.1-1-gd02db6906a (webtiles) character file.

Game seed: 17465315944586771083

293 GigaChad the Trooper (level 6, 0/61 HPs)
             Began as a Minotaur Fighter on Oct 10, 2022.
             Slain by a scorpion (3 damage)
             ... on level 4 of the Dungeon on Oct 11, 2022.
             The game lasted 00:08:03 (2367 turns).

GigaChad the Trooper (Minotaur Fighter)             Turns: 2367, Time: 00:08:04

Health: 0/61       AC: 11    Str: 23    XL:     6   Next: 11%
Magic:  5/5        EV:  6    Int:  5    God:
Gold:   83         SH:  4    Dex:  9    Spells: 5/5 levels left

rFire   . . .      SeeInvis .   a - +0 long sword
rCold   . . .      Faith    .   c - +0 buckler
rNeg    . . .      Spirit   .   h - +0 plate armour
rPois   .          Reflect  .   (helmet restricted)
rElec   .          Harm     .   (no cloak)
rCorr   .          Rampage  .   (no gloves)
Will    .....                   (no boots)
Stlth   ..........              (no amulet)
HPRegen 0.20/turn               (no ring)
MPRegen 0.09/turn               (no ring)

@: lethally poisoned (0 -> -22)
A: horns 2, retaliatory headbutt
a: no special abilities


You were on level 4 of the Dungeon.
You visited 1 branch of the dungeon, and saw 4 of its levels.

You collected 83 gold pieces.

Inventory:

Hand Weapons
 a - a +0 long sword (weapon)
Missiles
 g - 3 javelins (quivered)
 k - 3 poisoned darts
Armour
 b - a +0 scale mail
 c - a +0 buckler (worn)
 h - a +0 plate armour (worn)
 j - the +2 robe of Bursted Amelioration {Regen+}
   (You found it on level 3 of the Dungeon)

   Regen:     It increases your rate of health regeneration.
Wands
 f - a wand of polymorph (5)
Scrolls
 e - a scroll of silence
 i - 3 scrolls of magic mapping {unknown}
 o - a scroll of fog {unknown}
 p - a scroll of noise {unknown}
Potions
 d - 2 potions of might
 l - a potion of brilliance {unknown}
 m - a potion of heal wounds
 n - a potion of flight {unknown}


   Skills:
 + Level 7.7 Fighting
 - Level 2.8 Long Blades
 - Level 4.1 Armour
 - Level 4.0 Shields


You had 5 spell levels left.
You didn't know any spells.
Your spell library contained the following spells:

 Spells                   Type           Power      Damage    Failure   Level
 Ensorcelled Hibernation  Hex/Ice        0%         N/A       100%        2
 Passwall                 Tmut/Erth      0%         N/A       100%        2
 Swiftness                Air            0%         N/A       100%        3
 Dispersal                Tloc           0%         N/A       100%        6
 Disjunction              Tloc           0%         N/A       100%        8


Dungeon Overview and Level Annotations

Branches:
Dungeon (4/15)
 Temple: D:4-7

Altars:


Innate Abilities, Weirdness & Mutations

You have a pair of horns on your head.
You reflexively headbutt those who attack you in melee.


Message History

You slash the iguana! Your headbutt misses the iguana.
The iguana is almost dead.
The ufetubus completely misses you. The ufetubus barely misses you.
The iguana barely misses you.
The ufetubus hits you but does no damage. x2
You block the iguana's attack.
You hit the iguana but do no damage.
The iguana is almost dead.
The ufetubus hits you but does no damage. x2
The iguana bites you!
* * * LOW HITPOINT WARNING * * *
You block the ufetubus's attack.
The ufetubus hits you but does no damage.
You hit the iguana.
You kill the iguana!
The ufetubus hits you but does no damage. x2
The scorpion barely misses you. You block the ufetubus's attack.
The ufetubus hits you but does no damage.
The scorpion barely misses you. The ufetubus attacks as you move away!
The ufetubus hits you but does no damage.
The ufetubus barely misses you.
Found a copper ring and a gold piece.
The scorpion barely misses you.
You hit the scorpion. You headbutt the scorpion!
The scorpion is severely wounded.
The ufetubus barely misses you. x2; The scorpion stings you.
* * * LOW HITPOINT WARNING * * *
You are lethally poisoned!
The scorpion poisons you! The ufetubus barely misses you.
You furiously retaliate!
You headbutt the ufetubus.
The ufetubus hits you but does no damage.
You slash the ufetubus!
You kill the ufetubus!
* * * LOW HITPOINT WARNING * * *
You feel very sick. The scorpion stings you.
* * * LOW HITPOINT WARNING * * *
You are more poisoned.
The scorpion poisons you! The scorpion stings you.
You die...

##. $# #..##'
#.#... #.....
###.....
.......
..#(..#####...
#. #'@s...+
#..#=#.###.#
#..###..# .
#.#..)#.#
..#...).).#
....##...###
....
.#....##..#
.... ###...#..#
.....
##.....###.....


You could see a scorpion.

Vanquished Creatures
  An iguana (D:4)
  Ijyb (D:3)
  2 orc wizards (D:4)
  Natasha (thrice) (D:3)
  A gnoll (D:3)
  4 adders (D:3)
  An ufetubus (D:4)
  A worm (D:3)
  3 dart slugs
  2 orcs
  2 endoplasms
  A giant cockroach (D:2)
  8 goblins
  7 hobgoblins
  5 jackals
  3 quokkas
  5 ball pythons
  7 bats
  5 frilled lizards
  6 kobolds
  A rat (D:3)
69 creatures vanquished.

Notes
Turn   | Place    | Note
-------+----------+-------------------------------------------
     0 | D:1      | GigaChad the Minotaur Fighter began the quest for the Orb.
     0 | D:1      | Reached XP level 1. HP: 19/19 MP: 0/0
   225 | D:1      | Reached XP level 2. HP: 21/27 MP: 1/1
   625 | D:1      | Reached skill level 4 in Fighting
   756 | D:1      | Reached XP level 3. HP: 33/33 MP: 2/2
  1369 | D:3      | Noticed Ijyb
  1377 | D:3      | Reached skill level 5 in Fighting
  1382 | D:3      | Killed Ijyb
  1383 | D:3      | Reached XP level 4. HP: 34/42 MP: 3/3
  1695 | D:3      | Reached skill level 6 in Fighting
  1745 | D:3      | Identified the +2 robe of Bursted Amelioration {Regen+}
  1755 | D:3      | Noticed Natasha
  1765 | D:3      | Killed Natasha
  1766 | D:3      | Reached XP level 5. HP: 48/51 MP: 4/4
  1891 | D:3      | Noticed Natasha
  1903 | D:3      | Killed Natasha
  2068 | D:3      | Noticed Natasha
  2077 | D:3      | Killed Natasha
  2078 | D:3      | Reached skill level 7 in Fighting
  2330 | D:4      | Reached XP level 6. HP: 28/60 MP: 5/5
  2367 | D:4      | HP: 3/61 [scorpion (2)]
  2367 | D:4      | Slain by a scorpion

Illustrated notes

Levels and vault maps discovered:
D:1:      reono_arrival_forest_river, layout_basic,
          nicolae_concentric_dashed_squares_mild, skrybe_limestone_x
D:2:      layout_loops_cross, hellmonk_ecumenical_altar_watching_god
D:3:      layout_rooms, marbit_many_paths, serial_co_window_serial,
          co_window_corner_a, co_window_paths_b, co_window_corner_a,
          co_window_corner_a, co_window_paths_a, co_window_corner_b,
          co_window_of_opportunity_b, co_window_cross_2, co_window_sun,
          kennysheep_generic_room_15, uniq_ijyb, uniq_natasha
D:4:      layout_cave_pods, ebering_ghost_sewer_f,
          minmay_fractal_squares_diagonal_5

Skill      XL: |  1  2  3  4  5 |
---------------+----------------+-----
Shields        | 4 |  4.0
Armour         | 4 |  4.1
Fighting       | 4 5 6 7 |  7.7
Long Blades    | |  2.8

Action                   |  1- 3 |  4- 6 || total
-------------------------+-------+-------++-------
Melee: Long sword        |    82 |    94 ||   176
       Headbutt          |     9 |    23 ||    32
       Unarmed           |     5 |     2 ||     7
Throw: Javelin           |    10 |       ||    10
  Use: Scroll            |     2 |     1 ||     3
       Potion            |       |     3 ||     3
 Stab: Fleeing           |       |     1 ||     1
Armor: Scale mail        |    64 |     1 ||    65
       Skin              |     3 |       ||     3
       Plate armour      |       |    82 ||    82
Dodge: Dodged            |    80 |    43 ||   123
Block: Buckler           |    26 |    32 ||    58
